 Dungeon Crawl Stone Soup version 0.19.5-1-g796a6487f8 (webtiles) character file.

15 Xenophilius the Digger (level 2, 4/22 HPs)
             Began as a Deep Dwarf Earth Elementalist on July 29, 2020.
             Quit the game on level 1 of the Dungeon.
             The game lasted 00:03:35 (509 turns).

Xenophilius the Digger (DDEE)                        Turns: 509, Time: 00:03:36

Health: 4/22       AC:  2    Str: 11    XL:     2   Next: 34%
Magic:  3/5        EV: 12    Int: 15    God:
Gold:   8          SH:  5    Dex: 13    Spells: 1 memorised, 4 levels left

rFire  . . .     SeeInvis .     k - +0 hand axe (chop)
rCold  . . .     Gourm    .     c - +0 robe
rNeg   . . .     Faith    .     g - +2 buckler
rPois  .         Spirit   .     (no helmet)
rElec  .         Reflect  .     (no cloak)
rCorr  .         Harm     .     (no gloves)
MR     .....                    (no boots)
Stlth  ++........               (no amulet)
                                (no ring)
                                (no ring)

@: non-regenerating
A: damage resistance, recharge devices, sense surroundings 1, slow regeneration
3
a: Device Recharging


You were on level 1 of the Dungeon.
You were not hungry.

You visited 1 branch of the dungeon, and saw 1 of its levels.

You collected 8 gold pieces.

Inventory:

Hand Weapons
 h - a +0 dagger
 k - a +0 hand axe of chopping (weapon)
Missiles
 b - 16 stones (quivered)
 j - 6 sling bullets
Armour
 c - a +0 robe (worn)
 g - a +2 buckler (worn)
Wands
 d - a wand of heal wounds (5/9)
Scrolls
 i - a scroll of remove curse {unknown}
Books
 e - a book of Geomancy

   Spells                             Type                      Level
   a - Sandblast                      Earth                        1
   b - Passwall                       Transmutation/Earth          2
   c - Stone Arrow                    Conjuration/Earth            3
   d - Petrify                        Transmutation/Earth          4
   e - Lee's Rapid Deconstruction     Earth                        5
Comestibles
 a - a beef jerky
 f - a bread ration
 l - 2 chunks of flesh


   Skills:
 - Level 2.1 Dodging
 + Level 2.5 Stealth
 + Level 2.0 Spellcasting
   Level 0.8 Transmutations
 * Level 4.6 Earth Magic
 - Level 0.3 Evocations


You had 4 spell levels left.
You knew the following spells:

 Your Spells              Type           Power        Failure   Level  Hunger
a - Sandblast             Erth           ###...       8%          1    #......


Dungeon Overview and Level Annotations

Branches:
Dungeon (1/15)

Altars:


Innate Abilities, Weirdness & Mutations

You are resistant to damage.
You can recharge devices by infusing magical energy.
You passively map a small area around you.
You do not regenerate.


Message History

Your Spellcasting skill increases to level 2!
The bat barely misses you. The bat misses you. The bat hits you.
You barely miss the bat.
The bat is moderately wounded.
The bat hits you but does no damage. x2; The bat closely misses you.
You hit the bat.
You kill the bat!
You see here a giant cockroach corpse.
You butcher the giant cockroach corpse.
l - 2 chunks of flesh
Press: ? - help, . - travel You can't see that place. [the floor.] Reduced exclusion size to a single square.
Removed exclusion.
Unknown command.
Saving game... please wait.
Welcome back, Xenophilius the Deep Dwarf Earth Elementalist.
Press ? for a list of commands and other information.
Are you sure you want to abandon this character and quit the game? (Confirm with "yes".)

K######.# #.# ####.# #.#
#.######....# ### #.#
#.........### ..# #.# ########.##
#.# #.# #.# #.# #.# #.#
#.########.####### #.#
.................# #.#
..###########.##@######.#########
..# #.#.................# ..#
#.#..######.#######.# ..# #.#..#
#.# #.# ..# #>#..# #.# #.# .##
#.#..# #.#######.# ## #.#..#
*#.##......# #..# ..##.######
##*#.#


There were no monsters in sight!

Vanquished Creatures
  A dart slug (D:1)
  A leopard gecko (D:1)
  2 bats (D:1)
  A giant cockroach (D:1)
  3 hobgoblins (D:1)
  2 frilled lizards (D:1)
  A rat (D:1)
11 creatures vanquished.

Notes
Turn   | Place    | Note
-------+----------+-------------------------------------------
     0 | D:1      | Xenophilius the Deep Dwarf Earth Elementalist began the quest for the Orb.
     0 | D:1      | Reached XP level 1. HP: 15/15 MP: 3/3
   468 | D:1      | Reached XP level 2. HP: 4/22 MP: 0/4
   509 | D:1      | Quit the game

Skill      XL: |  1  2 |
---------------+-------+-----
Spellcasting   | 2 |  2.0
Dodging        | |  2.1
Stealth        | |  2.5
Transmutations | |  0.8
Earth Magic    | |  4.6
Evocations     | |  0.3

Action                   || total
-------------------------++-------
Melee: Dagger            ||     4
       Hand axe          ||     8
 Cast: Sandblast         ||    18
Armor: Robe              ||    12
Dodge: Dodged            ||    23
Block: Buckler           ||     7
